 Dungeon Crawl Stone Soup version 0.29-a0-1009-g60c99734e7 (webtiles) character file.

Game seed: 15232949511158681719

9 drpainis the Sneak (level 2, 0/13 HPs)
             Began as a Spriggan Enchanter on Aug 8, 2022.
             Slain by a bat (1 damage)
             ... on level 1 of the Dungeon.
             The game lasted 00:00:23 (104 turns).

drpainis the Sneak (Spriggan Enchanter)              Turns: 104, Time: 00:00:23

Health: 0/13       AC:  2    Str:  4    XL:     2   Next: 3%
Magic:  6/6        EV: 17    Int: 16    God:
Gold:   0          SH:  0    Dex: 15    Spells: 6/6 levels left

rFire   . . .      SeeInvis +   a - +1 dagger
rCold   . . .      Faith    .   (no shield)
rNeg    . . .      Spirit   .   b - +0 robe
rPois   .          Reflect  .   (helmet restricted)
rElec   .          Harm     .   (no cloak)
rCorr   .          Rampage  .   (gloves unavailable)
Will    .....                   (boots unavailable)
Stlth   +++.......              (no amulet)
HPRegen 0.04/turn               (no ring)
MPRegen 0.10/turn               (no ring)

@: very quick
A: very small, no large weapons, unfitting armour, see invisible, speed 3
a: no special abilities


You were on level 1 of the Dungeon.
You visited 1 branch of the dungeon, and saw 1 of its levels.

Inventory:

Hand Weapons
 a - a +1 dagger (weapon)
Armour
 b - a +0 robe (worn)
Potions
 c - 2 potions of invisibility
 d - a potion of lignification {unknown}


   Skills:
 + Level 1.1 Short Blades
 + Level 2.8 Dodging
 + Level 4.4 Stealth
 + Level 2.8 Spellcasting
 + Level 4.1 Hexes


You had 6 spell levels left.
You didn't know any spells.
Your spell library contained the following spells:

 Spells                   Type           Power      Damage    Failure   Level
 Confusing Touch          Hex            15%        N/A       11%         3
 Tukima's Dance           Hex            15%        N/A       11%         3
 Ensorcelled Hibernation  Hex/Ice        16%        N/A       12%         2
 Dazzling Flash           Conj/Hex       16%        N/A       24%         3


Dungeon Overview and Level Annotations

Branches:
Dungeon (1/15)

Altars:


Innate Abilities, Weirdness & Mutations

You are very small and have problems with some larger weapons.
You are too small for most types of armour.
You have supernaturally acute eyesight. (SInv)
You cover ground extremely quickly. (Speed+++)


Message History

The rat barely misses you.
You closely miss the giant cockroach.
The giant cockroach is moderately wounded.
The bat barely misses you. The giant cockroach misses you.
The rat bites you but does no damage. The giant cockroach closely misses you.
You closely miss the giant cockroach.
The giant cockroach is moderately wounded.
The bat completely misses you. The giant cockroach bites you.
The rat bites you.
* * * LOW HITPOINT WARNING * * *
You barely miss the giant cockroach. The bat misses you.
The giant cockroach bites you.
* * * LOW HITPOINT WARNING * * *
The rat misses you.
Unknown command.
You closely miss the giant cockroach. The bat misses you.
The giant cockroach barely misses you.
You closely miss the bat. The bat closely misses you.
The rat barely misses you. The giant cockroach misses you.
You barely miss the bat. The bat barely misses you.
The bat completely misses you. The rat bites you but does no damage.
The giant cockroach completely misses you.
The bat hits you but does no damage.
You closely miss the bat. The bat completely misses you.
The giant cockroach misses you. The rat barely misses you.
Unknown command.
The bat closely misses you. The giant cockroach misses you.
The rat twitches its whiskers.
The bat misses you.
A ball python comes into view.
The bat misses you.
Found a leather armour.
Found an escape hatch in the floor.
The bat attacks as you move away! The bat completely misses you.
The bat hits you.
* * * LOW HITPOINT WARNING * * *
Found a scroll labelled GUZXUPS LIELAJ.
The bat closely misses you. The bat hits you but does no damage.
A frilled lizard and a dart slug come into view.
The bat hits you.
You die...

.. ##.### ....... ...#<#
..... . #..#.# ..... ..
#.##.# #... w.# ###.##.##
#..##.l #...'..># ###[...
#.#######..###....# # #
#.# .....?.@.# .#S. #.#
###..###b###...# ..# #.
#..#..# [## ##.. #....#
## ..... ##B.#.# #
#...###.....# ##..
#.#.#.....##.>.. ....
##.#....r#.##....
##.#.####.....#..........


You could see a dart slug (asleep), a giant cockroach, a bat and a frilled
lizard (asleep).

Vanquished Creatures
  3 ball pythons (D:1)
  An endoplasm (D:1)
  A kobold (D:1)
  A quokka (D:1)
  A frilled lizard (D:1)
  2 rats (D:1)
9 creatures vanquished.

Notes
Turn   | Place    | Note
-------+----------+-------------------------------------------
     0 | D:1      | drpainis the Spriggan Enchanter began the quest for the
                  | Orb.
     0 | D:1      | Reached XP level 1. HP: 9/9 MP: 5/5
    77 | D:1      | Reached XP level 2. HP: 12/13 MP: 6/6
   104 | D:1      | Slain by a bat

Illustrated notes

Levels and vault maps discovered:
D:1:      amcnicky_arrival_choice, layout_rooms

Skill      XL: |  1 |
---------------+----+-----
Hexes          | 4 |  4.1
Short Blades   | |  1.1
Dodging        | |  2.8
Stealth        | |  4.4
Spellcasting   | |  2.8

Action                   || total
-------------------------++-------
Melee: Dagger            ||    27
 Stab: Sleeping          ||     2
Armor: Robe              ||    10
Dodge: Dodged            ||    54

Table legend: (Time is in decaauts)
 A = Elapsed time spent in this place.
 B = Non-inter-level travel time spent in this place.
 C = Inter-level travel time spent in this place.
 D = Time resting spent in this place.
 E = Time spent auto-exploring this place.
 F = Levels seen in this place.
 G = Mean time per level.
                   A        B        C        D        E       F      G
               +--------+--------+--------+--------+--------+-----+--------+
         Total |     72 |     72 |      0 |      0 |     10 |   1 |   72.0 |
       Dungeon |     72 |     72 |      0 |      0 |     10 |   1 |   72.0 |
               +--------+--------+--------+--------+--------+-----+--------+

Top non-repeatable levels by time:
     D:1: 72 daAuts
